 Dungeon Crawl Stone Soup version 0.28-a0-1159-g27aa881441 (webtiles) character file.

Game seed: 4888346973515225877

37 SensoryNuts the Skirmisher (level 3, -1/29 HPs)
             Began as a Demonspawn Fighter on Dec 15, 2021.
             Succumbed to a goblin's poison
             ... on level 2 of the Dungeon.
             The game lasted 00:01:51 (827 turns).

SensoryNuts the Skirmisher (Demonspawn Fighter)      Turns: 827, Time: 00:01:51

Health: -1/29      AC:  8    Str: 18    XL:     3   Next: 23%
Magic:  3/3        EV:  9    Int:  9    God:
Gold:   64         SH:  4    Dex: 12    Spells: 2/2 levels left

rFire   . . .      SeeInvis .   a - +0 long sword
rCold   . . .      Faith    .   c - +0 buckler
rNeg    . . .      Spirit   .   b - +0 scale mail
rPois   .          Reflect  .   (no helmet)
rElec   .          Harm     .   (no cloak)
rCorr   .          Rampage  .   (no gloves)
Will    .....                   (no boots)
Stlth   ..........              (no amulet)
HPRegen 0.09/turn               (no ring)
MPRegen 0.08/turn               (no ring)

@: lethally poisoned (-1 -> -8), on berserk cooldown, slowed, very slow
A: thin metallic scales 1, demonic magic 1
a: no special abilities


You were on level 2 of the Dungeon.
You visited 1 branch of the dungeon, and saw 2 of its levels.

You collected 64 gold pieces.

Inventory:

Hand Weapons
 a - a +0 long sword (weapon)
Armour
 b - a +0 scale mail (worn)
 c - a +0 buckler (worn)
Scrolls
 d - a scroll of identify
 i - a scroll of teleportation
Potions
 e - a potion of attraction


   Skills:
 + Level 3.4 Fighting
 + Level 2.3 Long Blades
 + Level 3.0 Armour
 + Level 0.1 Dodging
 + Level 3.0 Shields


You had 2 spell levels left.
You didn't know any spells.
Your spell library was empty.

Dungeon Overview and Level Annotations

Branches:
Dungeon (2/15)

Altars:

Annotations:
D:2 Robin


Innate Abilities, Weirdness & Mutations

You are partially covered in thin metallic scales. (AC +2)
Spells you cast may paralyse adjacent enemies.


Message History

Robin throws the goblin at you! The goblin hits you but does no damage.
The goblin shouts!
You hit the goblin.
The goblin is moderately wounded.
You hear a shout!
You block the goblin's attack.
The goblin hits you but does no damage. x2
A goblin comes into view. It is wielding a +0 club.
The quokka twitches its whiskers.
The goblin barely misses you. The goblin hits you but does no damage.
A frilled lizard comes into view.
The goblin hits you with a +0 club. The goblin hits you but does no damage.
The goblin hits you with a +0 club.
* * * LOW HITPOINT WARNING * * *
The goblin barely misses you.
Robin says, "A pitiful Demonspawn like you will never find the ORB!"
You block the goblin's attack.
The frilled lizard moves out of view.
You hit the goblin.
You kill the goblin!
The goblin hits you but does no damage. x3
You are lethally poisoned!
The goblin hits you but does no damage. The goblin hits you with a +0 club.
* * * LOW HITPOINT WARNING * * *
The goblin hits you but does no damage. The goblin barely misses you.
The goblin closely misses you.
A quokka comes into view.
* * * LOW HITPOINT WARNING * * *
You feel very sick.
The frilled lizard hisses angrily.
The goblin hits you but does no damage.
You see here a +0 dagger.
Unknown command.
Unknown command.
Unknown command.
Unknown command.
Unknown command.
Okay, then.
Really read the scroll of holy word?
You can't even see any enemies this would affect.
As you read the scroll of holy word, it crumbles to dust.
You speak a Word of immense power!
You die...

#... .>... #....
..... #....
.....##...r#
......#.. ..##
.......g# ..#
........# #†#
......†.####@## #
#...g..grggg#####.#
....#....grg.....<..#
# ###..###...###..#
##.. ##l.# .## ##..
##..# .. ##. #....###
........ .......


You could see Robin, 3 quokkas, a hobgoblin (strong), 5 goblins and a frilled
lizard.

Vanquished Creatures
  A dart slug (D:1)
  2 ball pythons (D:1)
  2 bats (D:1)
  3 endoplasms
  2 giant cockroaches (D:2)
  8 hobgoblins
  A quokka (D:1)
  A frilled lizard (D:1)
  6 goblins
  4 rats
30 creatures vanquished.

Notes
Turn   | Place    | Note
-------+----------+-------------------------------------------
     0 | D:1      | SensoryNuts the Demonspawn Fighter began the quest for the
                  | Orb.
     0 | D:1      | Reached XP level 1. HP: 18/18 MP: 1/1
   146 | D:1      | Gained mutation: You are partially covered in thin metallic
                  | scales. (AC +2) [demonic ancestry]
   146 | D:1      | Reached XP level 2. HP: 10/24 MP: 2/2
   406 | D:1      | Found a faded altar of an unknown god.
   785 | D:2      | Gained mutation: Spells you cast may paralyse adjacent
                  | enemies. [demonic ancestry]
   785 | D:2      | Reached XP level 3. HP: 29/29 MP: 3/3
   814 | D:2      | Noticed Robin
   826 | D:2      | HP: 1/29 [poisoned by a goblin]
   827 | D:2      | Succumbed to a goblin's poison

Illustrated notes

Levels and vault maps discovered:
D:1:      amcnicky_arrival_abandoned_market, layout_rooms,
          ebering_ecumenical_altar_petrified
D:2:      layout_rooms, serial_park_tiny_1, chequers_serial_rivers_small_3,
          minmay_pentomino_r4, uniq_robin, uniq_crazy_yiuf_cottage, uniq_natasha

Skill      XL: |  1  2  3 |
---------------+----------+-----
Long Blades    | 2 |  2.3
Armour         | 3 |  3.0
Shields        | 3 |  3.0
Fighting       | |  3.4
Dodging        | |  0.1

Action                   || total
-------------------------++-------
Melee: Long sword        ||    83
  Use: Potion            ||     6
       Scroll            ||     6
Armor: Scale mail        ||    62
Dodge: Dodged            ||    56
Block: Buckler           ||    25

Table legend: (Time is in decaauts)
 A = Elapsed time spent in this place.
 B = Non-inter-level travel time spent in this place.
 C = Inter-level travel time spent in this place.
 D = Time resting spent in this place.
 E = Time spent auto-exploring this place.
 F = Levels seen in this place.
 G = Mean time per level.
                   A        B        C        D        E       F      G
               +--------+--------+--------+--------+--------+-----+--------+
         Total |    867 |    802 |     65 |      0 |    570 |   2 |  433.5 |
       Dungeon |    867 |    802 |     65 |      0 |    570 |   2 |  433.5 |
               +--------+--------+--------+--------+--------+-----+--------+

Top non-repeatable levels by time:
     D:1: 792 daAuts
     D:2: 74 daAuts
